 Dungeon Crawl Stone Soup version 0.32-a0-599-gba8f9cf90e (webtiles) character file.

Game seed: 12209220628595080319

207 CougarLife the Digger (level 5, -4/28 HPs)
             Began as a Gargoyle Earth Elementalist on Mar 3, 2024.
             Slain by an ogre
             ... wielding a +0 giant spiked club
              (32 damage)
             ... on level 4 of the Dungeon.
             The game lasted 00:03:30 (2730 turns).

CougarLife the Digger (Gargoyle Earth Elementalist) Turns: 2730, Time: 00:03:30

Health: -4/28      AC:  6    Str: 11    XL:     5   Next: 85%
Magic:  8/10       EV: 11    Int: 18    God:
Gold:   115        SH:  0    Dex: 10    Spells: 7/11 levels left

rFire   . . .        r - +2 dagger (elec)
rCold   . . .        (no shield)
rNeg    + . .        a - +0 robe
rPois   ∞            (no helmet)
rElec   +            (no cloak)
rCorr   .            (no gloves)
SInv    .            (no boots)
Will    .....        (no amulet)
Stlth   ++           (no ring)
HPRegen 0.24/turn    (no ring)
MPRegen 0.12/turn

%: no passive effects
@: no status effects
A: sickness immunity, AC +4, negative energy resistance 1, electricity
resistance, torment resistance 1, petrification resistance
a: no special abilities


You were on level 4 of the Dungeon.
You visited 1 branch of the dungeon, and saw 4 of its levels.

You collected 129 gold pieces.
You spent 14 gold pieces at shops.

Inventory:

Hand Weapons
 r - a +2 dagger of electrocution (weapon)
Armour
 a - a +0 robe (worn)
 f - a +0 kite shield
Scrolls
 c - a scroll of poison {unknown}
 d - 2 scrolls of teleportation {unknown}
 e - a scroll of silence {unknown}
 g - 2 scrolls of noise {unknown}
 h - a scroll of immolation {unknown}
 i - 2 scrolls of identify {unknown}
 n - 5 scrolls of blinking {unknown}
 p - a scroll of enchant weapon {unknown}
 s - a scroll of vulnerability {unknown}
Potions
 b - a potion of magic
 j - a potion of heal wounds {unknown}
 k - 2 potions of mutation {unknown}
 l - 2 potions of brilliance {unknown}
 m - a potion of resistance {unknown}
 o - a potion of haste {unknown}
 q - 2 potions of lignification {unknown}


   Skills:
 - Level 1.5 Dodging
 - Level 2.1 Stealth
 + Level 3.5 Spellcasting
 + Level 3.4 Conjurations
 + Level 5.2 Earth Magic


You had 7 spell levels left.
You knew the following spells:

 Your Spells              Type           Power      Damage    Failure   Level
a - Sandblast             Erth           44%        2d11      1%          1
b - Stone Arrow           Conj/Erth      36%        3d9       8%          3

Your spell library contained the following spells:

 Spells                   Type           Power      Damage    Failure   Level
 Passwall                 Erth           22%        N/A       5%          3
 Sting                    Conj/Alch      36%        1d5       8%          1
 Mercury Vapours          Alch/Air       6%         N/A       24%         2
 Brom's Barrelling Bould  Conj/Erth      18%        2d4       26%         4
 Petrify                  Alch/Erth      12%        N/A       45%         4
 Olgreb's Toxic Radiance  Alch           3%         N/A       83%         4
 Summon Forest            Summ/Tloc      1%         N/A       99%         5
 Summon Mana Viper        Hex/Summ       3%         N/A       99%         5
 Summon Cactus Giant      Summ           1%         N/A       100%        6


Dungeon Overview and Level Annotations

Branches:
Dungeon (4/15)
 Temple: D:4-7

Altars:
Beogh

Shops:
D:2 !


Innate Abilities, Weirdness & Mutations

You are immune to sickness and miasma.
Your stone body is resilient. (AC +4)
You are immune to poison.
You resist negative energy. (rN+)
You are resistant to electric shocks. (rElec)
You are resistant to unholy torment.
You are immune to petrification.


Message History

You can't see any susceptible monsters within range! (Use Z to cast anyway.) No target in view!
Done exploring.
You can't see any susceptible monsters within range! (Use Z to cast anyway.)
There is a stone staircase leading down here.
Okay, then.
Search for what [Enter for "armor", or ? for help]? altar Search for what [Enter for "altar", or ? for help]? armor You climb downwards.
There is a stone staircase leading up here.
A hobgoblin comes into view.
A hobgoblin is nearby!
A hobgoblin is nearby!
The blast of sand hits the hobgoblin.
The hobgoblin is heavily wounded.
The hobgoblin shouts!
The hobgoblin hits you.
The blast of sand misses the hobgoblin.
The hobgoblin barely misses you. x2
A hobgoblin is nearby!
The blast of sand hits the hobgoblin!
You kill the hobgoblin!
HP restored.
Key pressed, stopping explore.
No target in view!
You can't see any susceptible monsters within range! (Use Z to cast anyway.) Magic restored.
An ogre comes into view. It is wielding a +0 giant spiked club.
The ogre shouts!
A hound comes into view.
The blast of sand misses the ogre.
The blast of sand misses the hound.
The hound barks!
The ogre closely misses you.
There are monsters nearby!
You hit the ogre. Lightning courses through the ogre!
The ogre is heavily wounded.
The blast of sand misses the ogre.
The blast of sand hits the hound!!
You kill the hound!
The ogre hits you with a +0 giant spiked club!!
Ouch! That really hurt!
You die...

#### #..#
#..# #####
#..#
#.....#..#
#..†O@.#
#.####.#
#.# #.#
#.# #.#
#.# #.#
#.# ###


You could see an ogre.

Vanquished Creatures
  2 orc priests (D:3)
  A hound (D:4)
  An orc wizard (D:3)
  4 adders
  4 dart slugs
  A ribbon worm (D:2)
  4 orcs (D:3)
  7 bats
  An endoplasm (D:3)
  3 giant cockroaches (D:1)
  5 goblins
  5 hobgoblins
  9 jackals
  3 quokkas (D:2)
  6 ball pythons
  9 frilled lizards
  7 rats
72 creatures vanquished.

Notes
Turn   | Place    | Note
-------+----------+-------------------------------------------
     0 | D:1      | CougarLife the Gargoyle Earth Elementalist began the quest
                  | for the Orb.
     0 | D:1      | Reached XP level 1. HP: 10/10 MP: 3/3
   175 | D:1      | Reached XP level 2. HP: 11/15 MP: 0/5
   395 | D:1      | Reached skill level 4 in Earth Magic
   558 | D:1      | Found a roughly hewn altar of Beogh.
   636 | D:1      | Found a faded altar of an unknown god.
   925 | D:1      | Reached XP level 3. HP: 19/19 MP: 4/6
  1385 | D:2      | Found Raer's Distillery.
  1389 | D:2      | Bought a potion of degeneration for 14 gold pieces
  1513 | D:2      | Reached XP level 4. HP: 21/24 MP: 5/8
  1932 | D:3      | Reached XP level 5. HP: 28/28 MP: 6/9
  1942 | D:3      | Reached skill level 5 in Earth Magic
  2007 | D:3      | Learned a level 3 spell: Stone Arrow
  2149 | D:3      | Identified the +1 leather armour of Limitation {Harm Str+2}
  2726 | D:4      | Noticed an ogre
  2730 | D:4      | Slain by an ogre

Illustrated notes

Levels and vault maps discovered:
D:1:      dpeg_arrival_rooms_with_view, layout_loops_cross,
          hellmonk_ecumenical_altar_defaced_shrine, minmay_split_cup_large
D:2:      layout_basic, serial_shops, shop
D:3:      layout_basic, nicolae_underground_beach
D:4:      layout_basic, minmay_temple_entry_water_ring, serial_park_tiny_pond,
          minmay_crossroads

Skill      XL: |  1  2  3  4  5 |
---------------+----------------+-----
Earth Magic    | 4 5 |  5.2
Conjurations   | 2 3 |  3.4
Spellcasting   | 3 |  3.5
Dodging        | |  1.5
Stealth        | |  2.1

Action                     |  1- 3 |  4- 6 || total
---------------------------+-------+-------++-------
  Melee: Unarmed           |    20 |       ||    20
         Dagger            |    16 |     9 ||    25
   Cast: Sandblast         |    52 |    52 ||   104
 Armour: Robe              |    72 |    18 ||    90
  Dodge: Dodged            |    53 |    24 ||    77

Table legend: (Time is in decaauts)
 A = Elapsed time spent in this place.
 B = Non-inter-level travel time spent in this place.
 C = Inter-level travel time spent in this place.
 D = Time resting spent in this place.
 E = Time spent auto-exploring this place.
 F = Levels seen in this place.
 G = Mean time per level.
                   A        B        C        D        E       F      G
               +--------+--------+--------+--------+--------+-----+--------+
         Total |   2779 |   2672 |    107 |    224 |   2020 |   4 |  694.8 |
       Dungeon |   2779 |   2672 |    107 |    224 |   2020 |   4 |  694.8 |
               +--------+--------+--------+--------+--------+-----+--------+

Top non-repeatable levels by time:
     D:1: 1199 daAuts
     D:3: 858 daAuts
     D:2: 677 daAuts
     D:4: 44 daAuts
